 Dungeon Crawl Stone Soup version 0.30.1-5-ged363bc7ee (webtiles) character file.

Game seed: 15123818082107024485

59337 Wiggles the Executioner (level 14, -1/202 HPs)
             Began as a Minotaur Berserker on Sept 19, 2023.
             Was a High Priest of Trog.
             Shot with an arrow by a centaur warrior (10 damage)
             ... on level 13 of the Dungeon.
             The game lasted 00:30:58 (12982 turns).

Wiggles the Executioner (Minotaur Berserker)       Turns: 12982, Time: 00:30:58

Health: -1/202     AC: 22    Str: 29    XL:     14   Next: 52%
Magic:  13/13      EV: 11    Int:  4    God:    Trog [*****.]
Gold:   1663       SH:  0    Dex: 17    Spells: 13/13 levels left

rFire   + . .        C - +6 executioner's axe (heavy)
rCold   + . .        (shield currently unavailable)
rNeg    . . .        a - +1 plate armour
rPois   .            z - +2 hat {SInv}
rElec   .            (no cloak)
rCorr   .            p - +2 pair of gloves
SInv    +            (no boots)
Will    +++..        f - amulet of regeneration Stlth
                     L - ring of Qaris {Wiz rF+ rC+ Will++ Stlth-}
HPRegen 1.33/turn    v - ring of the Saviour {Str+3 Dex+6}
MPRegen 0.13/turn

%: wizardry (x1)
@: berserking, very quick
A: horns 2, retaliatory headbutt
a: Renounce Religion, Berserk, Trog's Hand, Brothers in Arms


You were on level 13 of the Dungeon.
You worshipped Trog.
Trog was extremely pleased with you.
You visited 2 branches of the dungeon, and saw 18 of its levels.
You also visited: Ossuary.

You collected 1663 gold pieces.

Inventory:

Hand Weapons
 C - a +6 heavy executioner's axe (weapon)
Missiles
 s - 6 throwing nets (quivered)
Armour
 a - a +1 plate armour (worn)
 p - a +2 pair of gloves (worn)
 z - a +2 hat of see invisible (worn)
Jewellery
 f - an amulet of regeneration (around neck)
 t - a +5 ring of evasion
 v - the ring of the Saviour (right hand) {Str+3 Dex+6}
   (You found it on level 2 of the Lair of Beasts)

   [ring of dexterity]

   Str:       It affects your strength (+3).
   Dex:       It affects your dexterity (+6).
 y - a +5 ring of evasion
 B - an amulet of reflection
 I - a ring of positive energy
 L - the ring of Qaris (left hand) {Wiz rF+ rC+ Will++ Stlth-}
   (You found it on level 5 of the Lair of Beasts)

   [ring of wizardry]

   It improves your spell success rate.
   rF:        It protects you from fire.
   rC:        It protects you from cold.
   Will:      It greatly increases your willpower.
   Stlth:     It makes you less stealthy.
 M - a +6 ring of dexterity
Wands
 d - a wand of polymorph (8)
 j - a wand of acid (4)
 m - a wand of roots (19)
 n - a wand of digging (4)
 A - a wand of flame (10)
 G - a wand of mindburst (4)
Scrolls
 c - a scroll of magic mapping
 o - a scroll of silence
 r - 10 scrolls of teleportation
 x - 7 scrolls of identify
 D - 4 scrolls of blinking
 F - a scroll of summoning
 H - a scroll of fog
Potions
 b - 2 potions of haste
 e - a potion of heal wounds
 g - 3 potions of flight
 h - 5 potions of mutation
 i - 5 potions of might
 k - 3 potions of magic
 l - 2 potions of resistance
 q - 2 potions of berserk rage
 u - 3 potions of invisibility
 w - 9 potions of curing
 E - 2 potions of ambrosia
 J - a potion of lignification


   Skills:
 + Level 15.3 Fighting
 + Level 22.1 Axes
 + Level 12.6 Armour
 + Level 6.6 Dodging
 + Level 2.1 Stealth
 + Level 1.6 Unarmed Combat
 + Level 1.7 Evocations


You had 13 spell levels left.
You didn't know any spells.
Your spell library was empty.

Dungeon Overview and Level Annotations

Branches:
Dungeon (13/15)            Temple (0/1) D:6            Lair (5/5) D:10
 Shoals (0/4) Lair:2        Snake (0/4) Lair:2        Slime (0/5) Lair:4
    Orc (0/2) D:11         Vaults (0/5) D:13        Ossuary (visited)

Altars:
Ashenzari
Cheibriados
Dithmenos
Elyvilon
Hepliaklqana
Qazlal
Ru
Trog
Yredelemnul
Zin

Shops:
D:6 :   D:10 :


Innate Abilities, Weirdness & Mutations

You have a pair of horns on your head.
You reflexively headbutt those who attack you in melee.


Message History

You hit the howler monkey.
You kill the howler monkey!
Trog accepts your kill. The death knight barely misses you.
The freezing wraith hits you. The freezing wraith freezes you! You resist.
The freezing wraith closely misses you.
You cut the freezing wraith into ribbons!!!!
You destroy the freezing wraith!
Trog accepts your kill.
The death knight hits you from afar with a +0 glaive.
* * * LOW HITPOINT WARNING * * *
The death knight hits you with a +0 glaive!!
* * * LOW HITPOINT WARNING * * *
Items here: ! $ ) ? †.
Found a gate to the Vaults.
The death knight hits you with a +0 glaive!
* * * LOW HITPOINT WARNING * * *
You chop the death knight into pieces!!!
Your headbutt misses the death knight.
The death knight is severely wounded.
You hear a bellow!
The death knight offers itself to Yredelemnul, and fills with unholy energy.
The death knight hits you but does no damage.
A centaur warrior comes into view.
You feel much better.
The centaur warrior wields a +0 shortbow.
The centaur warrior shoots an arrow.
The arrow misses you. The death knight barely misses you.
A red film seems to cover your vision as you go berserk!
You feel yourself moving faster!
You feel mighty!
The centaur warrior shoots an arrow.
The arrow hits you but does no damage.
The death knight hits you with a +0 glaive!
* * * LOW HITPOINT WARNING * * *
You slice the death knight!! You headbutt the death knight!
You kill the death knight!
Trog accepts your kill.
Your damage is reflected back at you!
* * * LOW HITPOINT WARNING * * *
The centaur warrior shoots an arrow.
The arrow hits you!
You die...

......#######
.......#.....#..#
.......#.....#..#
......#....(#..#
###....#.....#..+
..#....#.....#..+ .#
#.'....####)'#..#######.
#.#............)).......
#.#.......c.)..)@.......
#.#†...####''#.)#''####.
#.#....#.....#..#.....
#.#....#.....#..#.....#
#.#.)..#.....#..#.....#
#.#))).#.....#..#.....#
#..).#.....#..#....∩#
#....#######..#######
#.......


You could see a centaur warrior.

Vanquished Creatures
  Gastronok (D:8)
  An ironbound preserver (D:13)
  A dire elephant (Lair:5)
  Snorg (Lair:4)
  Harold (Lair:1)
  A death knight (D:13)
  2 catoblepae
  3 hydras
  A centaur warrior (D:13)
  2 boulder beetles
  6 two-headed ogres
  Urug (D:10)
  2 skysharks (Lair:5)
  Pikel (D:4)
  An orc knight (D:11)
  2 lindwurms (Lair:5)
  A deep elf pyromancer (D:13)
  2 oklob plants
  3 cyclopes
  2 ugly things
  4 manticores
  A salamander (Lair:2)
  3 merfolk sirens (Lair:2)
  4 black mambas
  A black mamba (shapeshifter) (D:10)
  12 cane toads
  Joseph (D:9)
  3 rime drakes
  A kobold demonologist (D:13)
  2 unseen horrors
  A tengu conjurer (D:13)
  3 freezing wraiths (D:13)
  6 komodo dragons
  3 hornets
  A merfolk (Lair:2)
  4 polar bears
  A troll (D:9)
  A dream sheep (Lair:5)
  17 blink frogs
  3 wraiths
  36 yaks
  A slime creature (D:13)
  5 wyverns
  A spriggan (Lair:5)
  A shadow (D:11)
  4 basilisks
  Eustachio (D:4)
  6 vampire mosquitoes
  Menkaure (D:6)
  2 acid dragons
  18 water moccasins
  Duvessa (D:6)
  An ice beast (D:5)
  5 orc warriors
  3 sky beasts
  4 black bears
  4 ogres
  14 wolves
  5 centaurs
  3 lemures (D:4)
  3 phantoms (D:4)
  8 kobold brigands
  Blork the orc (D:4)
  7 bullfrogs
  2 scorpions (D:5)
  A gnoll sergeant (D:10)
  5 water moccasin zombies
  21 wights
  Dowan (D:6)
  9 killer bees
  A howler monkey (D:13)
  11 electric eels
  2 lava snakes (Lair:2)
  3 hounds (D:6)
  A jelly (D:6)
  4 orc priests
  2 gnoll boudas
  6 iguanas
  A hell rat (Lair:5)
  Natasha (D:3)
  8 orc wizards
  A scorpion zombie (D:4)
  3 hound zombies (D:4)
  2 mummies (Ossuary)
  A howler monkey zombie (D:4)
  Robin (D:2)
  15 gnolls
  10 adders
  A shadow imp (D:6)
  A white imp (D:4)
  3 adder zombies (Ossuary)
  2 adder skeletons (D:4)
  3 worms
  6 dart slugs
  35 orcs
  6 endoplasms
  5 giant cockroaches
  16 hobgoblins
  7 jackals (D:2)
  6 quokkas
  3 ball pythons
  4 bats
  8 frilled lizards
  2 gnoll zombies (Ossuary)
  13 goblins
  4 hobgoblin zombies (Ossuary)
  30 kobolds
  4 kobold zombies (Ossuary)
  5 orc zombies (Ossuary)
  7 rats
525 creatures vanquished.

Vanquished Creatures (collateral kills)
  A two-headed ogre (D:12)
  Amaemon (Lair:1)
  Lodul (D:12)
  A slime creature (D:12)
  A deep elf pyromancer (D:12)
  An orange demon (Lair:1)
  A rime drake (Lair:1)
  A blink frog (Lair:1)
  2 vampires (D:12)
  3 yaks (D:11)
  2 vampire mosquitoes (D:12)
  6 ogres (D:12)
  A bullfrog (Lair:1)
  3 orcs (D:11)
  4 hobgoblins (D:11)
29 creatures vanquished.

Vanquished Creatures (others)
  A vampire mosquito (D:12)
1 creature vanquished.

Grand Total: 555 creatures vanquished

Notes
Turn   | Place    | Note
-------+----------+-------------------------------------------
     0 | D:1      | Wiggles the Minotaur Berserker began the quest for the Orb.
     0 | D:1      | Reached XP level 1. HP: 19/19 MP: 0/0
   159 | D:1      | Reached XP level 2. HP: 27/27 MP: 1/1
   170 | D:1      | Reached skill level 4 in Axes
   173 | D:1      | Found a faded altar of an unknown god.
   468 | D:2      | Reached XP level 3. HP: 20/34 MP: 2/2
   513 | D:2      | Reached ** piety under Trog
   537 | D:2      | Noticed Robin
   551 | D:2      | Killed Robin
   664 | D:2      | Reached XP level 4. HP: 41/41 MP: 3/3
   668 | D:2      | Found a sacrificial altar of Ru.
  1130 | D:3      | Reached skill level 5 in Axes
  1131 | D:3      | Reached *** piety under Trog
  1187 | D:3      | You fall into a shaft and drop 2 floors!
  1187 | D:5      | Entered Level 5 of the Dungeon
  1190 | D:5      | Noticed a centaur
  1194 | D:5      | Killed a centaur
  1195 | D:5      | Reached skill level 5 in Fighting
  1195 | D:5      | Reached XP level 5. HP: 48/48 MP: 4/4
  1270 | D:5      | Reached skill level 6 in Axes
  1287 | D:5      | Noticed a sky beast
  1294 | D:5      | Killed a sky beast
  1295 | D:5      | Reached XP level 6. HP: 56/56 MP: 5/5
  1349 | D:4      | Reached skill level 7 in Axes
  1396 | D:4      | Found a sand-covered staircase.
  1401 | D:4      | Noticed Blork the orc
  1407 | D:4      | Killed Blork the orc
  1408 | D:4      | Reached XP level 7. HP: 62/62 MP: 6/6
  1419 | Ossuary  | Entered an ossuary
  1513 | Ossuary  | Reached skill level 8 in Axes
  1573 | D:4      | Noticed Eustachio
  1583 | D:4      | Killed Eustachio
  1584 | D:4      | Reached skill level 9 in Axes
  1617 | D:4      | Reached **** piety under Trog
  1622 | D:4      | Noticed Pikel
  1634 | D:4      | Reached XP level 8. HP: 70/70 MP: 7/7
  1640 | D:4      | Killed Pikel
  1641 | D:4      | Reached skill level 10 in Axes
  1748 | D:4      | Found a stormy altar of Qazlal.
  1863 | D:4      | Found a snail-covered altar of Cheibriados.
  2051 | D:3      | Noticed Natasha
  2059 | D:3      | Killed Natasha
  2060 | D:3      | Reached skill level 11 in Axes
  2768 | D:4      | Reached skill level 5 in Dodging
  2836 | D:4      | Reached skill level 1 in Stealth
  2836 | D:4      | Reached XP level 9. HP: 77/79 MP: 8/8
  2898 | D:4      | Found a bloodstained altar of Trog.
  3157 | D:5      | Reached ***** piety under Trog
  3481 | D:5      | Reached skill level 12 in Axes
  3576 | D:6      | Found a staircase to the Ecumenical Temple.
  3600 | D:6      | Noticed Dowan
  3604 | D:6      | Noticed Duvessa
  3605 | D:6      | Killed Dowan
  3626 | D:6      | Killed Duvessa
  3696 | D:6      | Found Zuzxyl's Book Boutique.
  3818 | D:6      | Found a shadowy altar of Dithmenos.
  3820 | D:6      | Noticed Menkaure
  3826 | D:6      | Killed Menkaure
  4302 | D:7      | Reached skill level 13 in Axes
  4322 | D:7      | Found a sacrificial altar of Ru.
  4346 | D:7      | Reached skill level 5 in Armour
  4390 | D:7      | Reached XP level 10. HP: 90/90 MP: 9/9
  4740 | D:8      | Received a gift from Trog
  4757 | D:8      | Reached skill level 14 in Axes
  4979 | D:8      | Noticed Gastronok
  5012 | D:8      | Killed Gastronok
  5555 | D:9      | Reached skill level 15 in Axes
  5555 | D:9      | Noticed a two-headed ogre
  5564 | D:9      | Reached skill level 1 in Evocations
  5569 | D:9      | Killed a two-headed ogre
  5655 | D:9      | Noticed a cyclops
  5663 | D:9      | Killed a cyclops
  5672 | D:9      | Noticed Joseph
  5672 | D:9      | Noticed a two-headed ogre
  5688 | D:9      | Killed a two-headed ogre
  5689 | D:9      | Reached skill level 10 in Fighting
  5689 | D:9      | Reached XP level 11. HP: 56/99 MP: 10/10
  5694 | D:9      | Killed Joseph
  6231 | D:10     | Entered Level 10 of the Dungeon
  6256 | D:10     | Found a broken altar of Ashenzari.
  6351 | D:10     | Noticed Urug
  6356 | D:10     | Killed Urug
  6357 | D:10     | Reached skill level 16 in Axes
  6373 | D:10     | Found a basalt altar of Yredelemnul.
  6398 | D:10     | Noticed a two-headed ogre
  6399 | D:10     | Found a glowing silver altar of Zin.
  6405 | D:10     | Killed a two-headed ogre
  6419 | D:10     | Found a staircase to the Lair.
  6644 | D:10     | Found a hazy altar of Hepliaklqana.
  6718 | D:10     | Found Rauh's Book Emporium.
  7156 | D:11     | HP: 5/102 [cyclops (11)]
  7158 | D:11     | Reached skill level 17 in Axes
  7290 | D:11     | Noticed a two-headed ogre
  7298 | D:11     | Killed a two-headed ogre
  7315 | D:11     | Found a staircase to the Orcish Mines.
  7395 | D:11     | Received a gift from Trog
  7426 | D:11     | Noticed an orc knight
  7436 | D:11     | Killed an orc knight
  7437 | D:11     | Reached XP level 12. HP: 111/111 MP: 3/11
  7611 | D:11     | Noticed a boulder beetle
  7628 | D:11     | Killed a boulder beetle
  7743 | Lair:1   | Entered Level 1 of the Lair of Beasts
  7764 | Lair:1   | Noticed Harold
  7782 | Lair:1   | Killed Harold
  7857 | Lair:1   | Reached skill level 1 in Unarmed Combat
  7893 | Lair:1   | Reached skill level 18 in Axes
  7922 | Lair:1   | Noticed Amaemon
  7942 | Lair:1   | Killed Amaemon
  8467 | Lair:2   | Reached skill level 19 in Axes
  8694 | Lair:2   | Noticed a four-headed hydra
  8700 | Lair:2   | Killed a seven-headed hydra
  8710 | Lair:2   | Noticed a boulder beetle
  8725 | Lair:2   | HP: 5/115 [electric eel/bolt of electricity (4)]
  8890 | Lair:2   | Noticed a catoblepas
  8899 | Lair:2   | Killed a catoblepas
  8900 | Lair:2   | Reached XP level 13. HP: 114/122 MP: 4/12
  8926 | Lair:2   | Reached skill level 10 in Armour
  9084 | Lair:2   | Identified the ring of the Saviour {Str+3 Dex+6}
  9093 | Lair:2   | Found a staircase to the Shoals.
  9214 | Lair:2   | Found a staircase to the Snake Pit.
 10213 | Lair:3   | Reached skill level 20 in Axes
 10302 | Lair:4   | Noticed Snorg
 10308 | Lair:4   | Killed Snorg
 10382 | Lair:4   | Received a gift from Trog
 10532 | Lair:4   | Found a staircase to the Slime Pits.
 11089 | Lair:5   | Entered Level 5 of the Lair of Beasts
 11259 | Lair:5   | Reached skill level 21 in Axes
 11706 | Lair:5   | Noticed a dire elephant
 11713 | Lair:5   | Killed a dire elephant
 11740 | Lair:5   | Reached XP level 14. HP: 117/133 MP: 13/13
 11855 | Lair:5   | Identified the ring of Qaris {Wiz rF+ rC+ Will++ Stlth-}
 12212 | D:12     | Noticed Lodul
 12220 | D:12     | Killed Lodul
 12259 | D:12     | Received a gift from Trog
 12427 | D:12     | Found a white marble altar of Elyvilon.
 12557 | D:12     | Identified the +1 robe of Exuas {Str+3 Dex-2 Stlth+}
 12810 | D:13     | Reached skill level 15 in Fighting
 12895 | D:13     | Reached skill level 22 in Axes
 12966 | D:13     | Noticed an ironbound preserver
 12971 | D:13     | Killed an ironbound preserver
 12978 | D:13     | Found a gate to the Vaults.
 12978 | D:13     | HP: 5/135 [death knight/+0 glaive (17)]
 12982 | D:13     | Shot with an arrow by a centaur warrior

Illustrated notes

Levels and vault maps discovered:
D:1:      psy_arrival_fountain, layout_rooms, ebering_ecumenical_altar_abandoned
D:2:      layout_basic, basic_altar, uniq_robin
D:3:      layout_basic, minmay_surrounded, uniq_natasha
D:4:      layout_loops_ring, kennysheep_slug_shrine, trog_butcher_becter,
          grunt_qazlal_clouds, nicolae_ossuary_entry_ruins, serial_undead,
          serial_undead_b, serial_undead_f, serial_undead_e, serial_undead_b,
          serial_undead_d, uniq_pikel, uniq_eustachio, uniq_blork_the_orc
D:5:      layout_basic
D:6:      layout_basic, grunt_dithmenos_smoke, minmay_temple_entry_hall,
          serial_shops, shop, uniq_menkaure, uniq_duvessa
D:7:      layout_cave_pools, nicolae_ru_awakened_eye
D:8:      nicolae_moon_pools, layout_basic, nicolae_lava_and_water,
          uniq_gastronok
D:9:      layout_loops_ring, uniq_joseph
D:10:     layout_loops_cross, mainiacjoe_overflow_tiny_flanked,
          nzn_hepliaklqana_mist_gate, mainiacjoe_overflow_24_doors,
          evilmike_ruin_ashenzari, david_lair_generic, serial_rivers,
          chequers_serial_rivers_small_3, chequers_serial_rivers_micro_c,
          chequers_serial_rivers_small_a, chequers_serial_rivers_small_3,
          chequers_serial_rivers_small_b, chequers_serial_rivers_marsh,
          serial_shops, shop, item_on_display_a, uniq_urug
D:11:     cheibrodos_orc_bank, layout_cross, orc_0_dummy
D:12:     layout_roguey, minmay_strange_pillars, elyvilon_altar_4, uniq_lodul
D:13:     layout_irregular_city, skrybe_vaults_entry_preservation,
          gauntlet_entry_generic, serial_column_ruins, column_ruins_hut_ruined,
          column_ruins_open_small, column_ruins_open_tiny,
          column_ruins_corridor_dead_end, uniq_frances
Lair:1:   layout_cave_shapes, grunt_megastairs_4, uniq_amaemon, uniq_harold
Lair:2:   layout_gridlike, elwin_shoals_entry_stream,
          nicolae_snake_entry_warm_welcome, pdpol_lair_cavern_descent
Lair:3:   layout_cave_pods, infiniplex_staircase_pool_2
Lair:4:   layout_loops_ring, minmay_slime_entry_oklob_open, grunt_megastairs_3,
          serial_bayou_shore_b, lemuel_fruit_fields, uniq_snorg
Lair:5:   hangedman_lair_in_review, layout_gridlike, serial_bayou,
          serial_bayou_shore_b, serial_bayou_pond_b, serial_bayou_ford_a,
          st_stairs_8, wad_woods_03

Skill      XL: |  1  2  3  4  5  6  7  8  9 10 11 12 13 14 |
---------------+-------------------------------------------+-----
Fighting       | 4 5 6 7 8 10 11 13 14 15 | 15.3
Axes           | 4 5 6 7 9 11 13 15 17 19 21 22 | 22.1
Dodging        | 3 4 5 6 |  6.6
Armour         | 3 4 5 7 8 9 11 12 | 12.6
Stealth        | 1 2 |  2.1
Evocations     | 1 |  1.7
Unarmed Combat | 1 |  1.6

Action                     |  1- 3 |  4- 6 |  7- 9 | 10-12 | 13-15 || total
---------------------------+-------+-------+-------+-------+-------++-------
  Melee: Hand axe          |    68 |    92 |       |       |       ||   160
         Headbutt          |     7 |    17 |    54 |    67 |    56 ||   201
         Punch             |       |     1 |       |       |       ||     1
         Battleaxe         |       |       |   260 |   249 |       ||   509
         Executioner's axe |       |       |       |   134 |   247 ||   381
         Unarmed           |       |       |       |    13 |       ||    13
 Invoke: Berserk           |     2 |     3 |     4 |    11 |     3 ||    23
         Brothers in Arms  |       |       |       |     2 |     3 ||     5
  Evoke: Wand              |       |       |       |     8 |     3 ||    11
    Use: Scroll            |       |       |    21 |     8 |     5 ||    34
         Potion            |       |       |       |     6 |     4 ||    10
   Stab: Sleeping          |       |       |     1 |       |       ||     1
         Distracted        |       |       |       |     1 |       ||     1
 Armour: Animal skin       |    16 |     6 |       |       |       ||    22
         Leather armour    |       |     6 |    38 |       |       ||    44
         Ring mail         |       |    11 |    17 |       |       ||    28
         Chain mail        |       |       |    15 |       |       ||    15
         Plate armour      |       |       |       |   140 |   151 ||   291
  Dodge: Dodged            |    56 |    52 |   214 |   372 |   219 ||   913
